AoeStats
← NPG | gab

Arabia

510580183Analyzed
1v1 RM · 13h ago on Oct 1, 2026· 86m 19s· 2 players
Game mode
Random Map
Map size
Tiny (2 player)
Population
200
Speed
Normal
Resources
Standard
Victory
Conquest
Starting age
Dark Age
Ending age
Imperial Age
RankedLock teamsTeams togetherTeam positionsShared explorationLock speedFull tech treeHidden civsTurbo modeCheats
Victory
Defeat
🇻🇳 Saxons · Vietnam
1267
+16
🇦🇷 Japanese · Argentina
1268
-16
Kaiser
8:37 Loom
10:43 Feudal Age
15:05 Castle Age
14:45 Double-Bit Axe
28:41 Bow Saw
32:13 Forging
36:59 Horse Collar
39:01 Wheelbarrow
39:10 Town Watch
42:11 Iron Casting
43:30 Squires
45:16 Scale Mail Armor
48:37 Chain Mail Armor
52:02 Imperial Age
51:01 Gambesons
52:54 Elite Varangian Guard
54:26 Plate Mail Armor
55:16 Conscription
58:43 Hand Cart
58:34 Town Patrol
58:27 Fletching
59:20 Arson
60:11 Bodkin Arrow
60:16 Crossbowman
61:06 Bracer
61:16 Thumb Ring
61:00 Arbalester
61:36 Shield Wall
62:56 Hoardings
63:02 Heavy Plow
64:04 Two-Man Saw
64:14 Gold Mining
65:03 Crop Rotation
64:29 Stone Mining
64:05 Cranequins
64:10 Elite Skirmisher
64:53 Padded Archer Armor
65:00 Scale Barding Armor
67:36 Chain Barding Armor
67:31 Leather Archer Armor
69:11 Sanctity
68:14 Clerical Recruitment
70:34 Ring Archer Armor
71:07 Devotion
71:23 Block Printing
71:36 Illumination
73:24 Chemistry
72:34 Siege Engineers
72:51 Ballistics
72:44 Fortified Wall
72:49 Masonry
72:20 Treadmill Crane
73:19 Murder Holes
73:04 Treadmill Crane
73:36 Masonry
73:38 Fortified Wall
73:24 Elite Hearth Troop
75:21 Gold Shaft Mining
76:06 Architecture
79:17 Redemption
79:07 Atonement
79:29 Faith
79:31 Heresy
79:48 Theocracy
79:09 Herbal Medicine
NPG | gab
4:25 Loom
9:55 Feudal Age
9:57 Man-at-Arms
12:00 Scale Mail Armor
12:55 Arson
19:06 Castle Age
18:11 Forging
23:46 Fletching
46:42 Chain Mail Armor
61:11 Iron Casting
62:15 Wheelbarrow
62:07 Double-Bit Axe
63:22 Horse Collar
64:57 Bow Saw
64:50 Heavy Plow
65:45 Hand Cart
69:43 Imperial Age
67:47 Bodkin Arrow
69:47 Elite Samurai
71:01 Plate Mail Armor
72:47 Blast Furnace
73:27 Bracer
75:35 Two-Man Saw
75:10 Conscription
82:18 Padded Archer Armor
82:50 Ballistics
82:19 Elite Skirmisher
83:20 Leather Archer Armor
84:38 Chemistry
84:46 Ring Archer Armor
Connection lost

Rejoining the realm…

Still unreachable

The connection could not be restored.

Session expired

The server has moved on; the page needs a fresh start.